 Dungeon Crawl Stone Soup version 0.27-a0-819-g058290f16d (webtiles) character file.

Game seed: 16774978073705005394

92908 porpoise the Thaumaturge (level 15, -5/90 HPs)
             Began as a Deep Elf Conjurer on Mar 30, 2021.
             Was a High Priest of Vehumet.
             Slain by Jorgrun
             ... wielding a staff of earth
              (20 damage)
             ... on level 1 of the Orcish Mines.
             The game lasted 03:15:45 (34111 turns).

porpoise the Thaumaturge (Deep Elf Conjurer)       Turns: 34111, Time: 03:15:45

Health: -5/90      AC: 14    Str:  7    XL:     15   Next: 59%
Magic:  22/33      EV: 12    Int: 33    God:    Vehumet [*****.]
Gold:   390        SH: 13    Dex: 13    Spells: 1/38 levels left

rFire    + + .     SeeInvis .   a - staff of conjuration
rCold    x x .     Faith    .   e - +3 warlock's mirror {reflect}
rNeg     . . .     Spirit   .   J - +3 salamander hide armour {Flames rF++ rC--}
rPois    +         Reflect  +   g - +0 helmet
rElec    .         Harm     .   d - +1 cloak
rCorr    .         Rampage  .   E - +0 pair of gloves
Will     +....                  B - +2 pair of boots
Stlth    ++++......             T - amulet of reflection
HPRegen  0.25/turn              r - +6 ring of intelligence
MPRegen  0.23/turn              D - ring of poison resistance

@: grasped by roots, constricted
A: no striking features
a: Renounce Religion


You were on level 1 of the Orcish Mines.
You worshipped Vehumet.
Vehumet was extremely pleased with you.
You visited 4 branches of the dungeon, and saw 23 of its levels.
You visited 1 bazaar.

You collected 1831 gold pieces.
You spent 1441 gold pieces at shops.

Inventory:

Hand Weapons
 b - the +3 sling "Punk" {acid, rCorr}
   (You acquired it on level 10 of the Dungeon)

   It protects you from acid and corrosion.
 l - the +9 lance "Wyrmbane" {slay drac, rPois rF+ rC+ AC+3}
   (You took it off Maggie on level 1 of the Lair of Beasts)

   It affects your AC (+3).
   It protects you from fire.
   It protects you from cold.
   It protects you from poison.
 w - the +8 Vampire's Tooth {vamp}
   (You found it on level 12 of the Dungeon)

   It inflicts no extra harm, but heals its wielder when it wounds a living foe.
Missiles
 y - 4 boomerangs (quivered)
 G - 31 sling bullets
Armour
 d - a +1 cloak (worn)
 e - the +3 warlock's mirror (worn) {reflect}
   (You acquired it on level 10 of the Dungeon)
 g - a +0 helmet (worn)
 i - a +2 robe of cold resistance
 B - a +2 pair of boots (worn)
 E - a +0 pair of gloves (worn)
 J - the +3 salamander hide armour (worn) {Flames rF++ rC--}
   (You took it off a tengu conjurer on level 13 of the Dungeon)

   It surrounds you with a cloud of flames.
   It grants immunity to clouds of flame.
   It enhances your fire magic.
   It greatly protects you from fire.
   It makes you very vulnerable to cold.
Magical Staves
 a - a staff of conjuration (weapon)
 k - a staff of cold
Jewellery
 o - a ring of resist corrosion
 r - a +6 ring of intelligence (left hand)
 D - a ring of poison resistance (right hand)
 O - a ring of positive energy
 T - an amulet of reflection (around neck)
Wands
 c - a wand of digging (8)
 j - a wand of flame (42)
 A - a wand of mindburst (47)
 F - a wand of iceblast (24)
 S - a wand of charming (7)
Scrolls
 f - 6 scrolls of magic mapping
 n - a scroll of amnesia
 p - a scroll of summoning
 s - a scroll of blinking
 t - 8 scrolls of teleportation
 x - a scroll of enchant armour
 z - a scroll of fear
 C - 3 scrolls of fog
 L - a scroll of vulnerability
Potions
 h - 2 potions of cancellation
 m - 6 potions of curing
 v - a potion of resistance
 Q - 3 potions of lignification
 R - 5 potions of magic
 W - 6 potions of ambrosia
 X - 3 potions of heal wounds
Miscellaneous
 q - a box of beasts


   Skills:
 - Level 9.0 Fighting
 - Level 8.0 Slings
 - Level 5.0 Armour
 - Level 9.0 Dodging
 - Level 9.0 Stealth
 - Level 7.0 Shields
 - Level 12.0 Spellcasting
 - Level 9.0 Conjurations
 - Level 9.0 Hexes
 - Level 9.0 Translocations
 - Level 5.0 Transmutations
 - Level 7.0 Fire Magic
 - Level 5.0 Air Magic
 + Level 6.0 Earth Magic
 - Level 5.0 Poison Magic
 + Level 7.0 Evocations


You had one spell level left.
You knew the following spells:

 Your Spells              Type           Power      Damage    Failure   Level
a - Airstrike             Air            25%        N/A       1%          4
b - Searing Ray           Conj           100%       3d7       1%          2
c - Fulminant Prism       Conj/Hex       43%        3d20      1%          4
d - Iskenderun's Mystic   Conj/Tloc      87%        2d17      1%          4
i - Ignite Poison         Fire/Tmut/Pois 72%        N/A       1%          3
k - Blink                 Tloc           N/A        N/A       1%          2
m - Mephitic Cloud        Conj/Pois/Air  75%        N/A       1%          3
n - Manifold Assault      Tloc           68%        N/A       2%          5
r - Irradiate             Conj/Tmut      39%        3d26      1%          5
t - Bolt of Magma         Conj/Fire/Erth 50%        4d20      1%          5

Your spell library contained the following spells:

 Spells                   Type           Power      Damage    Failure   Level
 Freezing Cloud           Conj/Ice/Air   33%        6-21      19%         6
 Apportation              Tloc           100%       N/A       1%          1
 Beastly Appendage        Tmut           100%       N/A       1%          1
 Corona                   Hex            75%        N/A       1%          1
 Foxfire                  Conj/Fire      100%       2x1d9     1%          1
 Freeze                   Ice            76%        1d9       1%          1
 Magic Dart               Conj           100%       1d8       1%          1
 Shock                    Conj/Air       100%       1d9       1%          1
 Summon Small Mammal      Summ           76%        N/A       3%          1
 Ensorcelled Hibernation  Hex/Ice        98%        N/A       1%          2
 Slow                     Hex            68%        N/A       1%          2
 Swiftness                Air            51%        N/A       1%          2
 Wereblood                Tmut           51%        N/A       1%          2
 Confusing Touch          Hex            68%        N/A       1%          3
 Conjure Flame            Conj/Fire      100%       6-21      1%          3
 Dazzling Flash           Conj/Hex       100%       N/A       1%          3
 Gell's Gravitas          Tloc           34%        N/A       1%          3
 Inner Flame              Hex/Fire       83%        N/A       1%          3
 Portal Projectile        Hex/Tloc       100%       N/A       1%          3
 Spider Form              Tmut/Pois      25%        N/A       1%          3
 Static Discharge         Conj/Air       78%        N/A       1%          3
 Summon Guardian Golem    Hex/Summ       49%        N/A       1%          3
 Tukima's Dance           Hex            68%        N/A       1%          3
 Cause Fear               Hex            34%        N/A       1%          4
 Hailstorm                Conj/Ice       65%        3d14      1%          4
 Leda's Liquefaction      Hex/Erth       31%        N/A       1%          4
 Sticky Flame             Conj/Fire      100%       2d11      1%          4
 Fireball                 Conj/Fire      52%        3d20      1%          5
 Lightning Bolt           Conj/Air       39%        1d57      1%          5
 Yara's Violent Unravell  Hex/Tmut       30%        3d13      1%          5
 Frozen Ramparts          Ice            38%        1d5       2%          3
 Petrify                  Tmut/Erth      54%        N/A       3%          4
 Call Imp                 Summ           19%        N/A       4%          2
 Sublimation of Blood     Necr           9%         N/A       4%          2
 Call Canine Familiar     Summ           19%        N/A       10%         3
 Ozocubu's Armour         Ice            19%        N/A       10%         3
 Ice Form                 Ice/Tmut       36%        N/A       12%         4
 Summon Lightning Spire   Summ/Air       36%        N/A       12%         4
 Alistair's Intoxication  Tmut/Pois      34%        N/A       12%         5
 Blade Hands              Tmut           25%        N/A       12%         5
 Metabolic Englaciation   Hex/Ice        24%        N/A       14%         5
 Eringya's Noxious Bog    Tmut/Pois      25%        N/A       17%         6
 Summon Ice Beast         Ice/Summ       19%        N/A       32%         4


Dungeon Overview and Level Annotations

Branches:
Dungeon (15/15)            Temple (1/1) D:7            Lair (5/6) D:8
 Shoals (0/4) Lair:4       Spider (0/4) Lair:2        Slime (0/5) Lair:5
    Orc (2/2) D:11            Elf (0/3) Orc:2        Vaults (0/5) D:14
 Depths (0/5) D:15

Altars:
Ashenzari
Cheibriados
Dithmenos
Elyvilon
Fedhas
Gozag
Hepliaklqana
Kikubaaqudgha
Makhleb
Nemelex Xobeh
Okawaru
Qazlal
Ru
Sif Muna
Trog
Uskayaw
Vehumet
Wu Jian
Xom
Yredelemnul
Zin
The Shining One
Beogh

Shops:
D:3 *   D:11 !   Orc:2 ?[=*

Annotations:
D:10 1 runed translucent door
D:15 1 runed translucent door
Lair:3 2 transporters, Feulaj's ghost, journeyman MiBe
Orc:1 Jorgrun


Message History

The orc warrior is engulfed in noxious fumes.
The orc warrior appears confused.
The orc warrior hits the orc knight with a +0 scimitar!!
The orc knight is killed!
Vehumet accepts your kill.
You feel your power returning.
Jorgrun is engulfed in noxious fumes.
The grasping roots constrict you.
Your Earth Magic skill increases to level 6!
Casting: Mephitic Cloud (safe; 1% risk of failure)
Confirm with . or Enter, or press ? or * to list all spells.
You feel a surge of power!
You ignite the poison in your surroundings!
The orc warrior is engulfed in blazing flames.
Unknown command.
Casting: Ignite Poison (safe; 1% risk of failure)
Confirm with . or Enter, or press ? or * to list all spells.
Aiming: Searing Ray (safe; 1% risk of failure)
Press: ? - help, Shift-Dir - straight line, f - Jorgrun
Aim: Jorgrun, wielding a staff of earth and wearing a +2 robe of positive energy (flame, heavily wounded, 28% to evade)
You feel a surge of power!
The searing ray hits Jorgrun!
Jorgrun is heavily wounded. (Press . to maintain the ray.)
A warg comes into view.
Jorgrun is engulfed in blazing flames.
The grasping roots constrict you!
The searing ray hits Jorgrun!
Jorgrun is severely wounded.
The searing ray hits the orc warrior.
The orc warrior is heavily wounded.
Jorgrun is engulfed in blazing flames.
The grasping roots constrict you.
The orc warrior is engulfed in blazing flames.
An orc comes into view. It is wielding a +0 flail.
The searing ray hits Jorgrun!
Jorgrun is almost dead.
The searing ray hits the orc warrior.
You kill the orc warrior!
Vehumet accepts your kill.
You feel your power returning.
Jorgrun is engulfed in blazing flames.
Jorgrun hits you with a staff of earth. Jorgrun shatters you!!
* * * LOW HITPOINT WARNING * * *
You die...

#.... .......
#....#.......
#........h..#
#............
##............
##.........O...
......☼○○.o..##
......°@g§°§...
......○☼☼°§○)..
.......)..°§...
...............
...............
...............
#..............
...o..........#


You could see Jorgrun, a warg (wandering), an orc warrior (strong), an ogre and
an orc (strong).

Vanquished Creatures
  An ironbound preserver (D:14)
  A fire dragon (D:15)
  4 boulder beetles
  6 hydras
  Fannar (Orc:1)
  4 ogre magi (Orc:2)
  8 centaur warriors
  18 two-headed ogres
  3 death yaks (Lair:5)
  Nergalle (Lair:2)
  A glowing orange brain (D:13)
  A fire crab (D:13)
  An orange crystal statue (D:15)
  4 wizards
  4 orc knights
  A necromancer (Lair:5)
  2 oklob plants (D:8)
  An orb spider (shapeshifter) (D:13)
  A deep elf pyromancer (D:14)
  An orc sorcerer (D:13)
  4 manticores
  26 ugly things
  7 cyclopes
  A merfolk siren (Lair:4)
  A naga mage (D:15)
  A gargoyle (D:13)
  3 black mambas
  8 cane toads
  A rime drake (Lair:1)
  Maggie (Lair:1)
  A kobold demonologist (D:11)
  A torpor snail (Lair:5)
  A komodo dragon (shapeshifter) (D:14)
  2 unseen horrors (D:13)
  An ice devil (D:12)
  3 freezing wraiths
  7 komodo dragons
  An efreet (D:15)
  3 tengu conjurers
  4 trolls
  3 merfolk (Lair:4)
  8 meliai
  A queen bee (D:12)
  5 polar bears
  Prince Ribbit (D:8)
  18 blink frogs
  A dream sheep (D:13)
  2 tyrant leeches (D:12)
  8 slime creatures
  2 vampires (D:12)
  2 water elementals (D:12)
  3 wraiths
  Sigmund (D:2)
  Eustachio (D:6)
  24 yaks
  2 wyverns
  4 basilisks
  Grum (D:9)
  12 vampire mosquitoes
  Menkaure (D:6)
  An acid dragon (D:8)
  5 wargs
  12 water moccasins
  21 orc warriors
  2 black bears
  2 hornet zombies
  2 sky beasts
  An elephant zombie (Lair:5)
  A necrophage (D:5)
  28 ogres
  A boggart (D:14)
  10 centaurs
  5 wolves
  Blork the orc (D:6)
  2 kobold brigands (D:8)
  9 bullfrogs
  4 gnoll sergeants
  3 scorpions
  A water moccasin skeleton (D:6)
  37 killer bees
  2 howler monkeys
  11 electric eels
  A crimson imp (D:12)
  2 bullfrog zombies (D:5)
  3 centaur zombies
  3 bullfrog skeletons
  A basilisk zombie (Lair:5)
  8 jellies
  17 orc priests
  Crazy Yiuf (D:2)
  8 hounds
  Natasha (thrice) (D:2)
  Terence (D:2)
  An iguana (D:6)
  22 orc wizards
  2 hound skeletons (D:4)
  17 gnolls
  2 howler monkey zombies
  6 adders
  A shadow imp (D:12)
  A white imp (D:6)
  A dart slug (D:1)
  72 orcs
  7 ball pythons
  7 endoplasms
  5 giant cockroaches
  5 goblins
  6 hobgoblins
  6 jackals
  A quokka (D:5)
  5 bats
  A frilled lizard (D:2)
  12 kobolds
  2 rats
  A spectral orc (D:7)
  A fulminant prism (D:14)
634 creatures vanquished.

Vanquished Creatures (others)
  4 dream sheep (D:13)
  208 fulminant prisms
  15 fungi
  53 plants
280 creatures vanquished.

Grand Total: 914 creatures vanquished

Notes
Turn   | Place    | Note
-------+----------+-------------------------------------------
     0 | D:1      | porpoise the Deep Elf Conjurer began the quest for the Orb.
     0 | D:1      | Reached XP level 1. HP: 10/10 MP: 6/6
   251 | D:1      | Reached XP level 2. HP: 15/15 MP: 5/8
   281 | D:1      | Learned a level 2 spell: Searing Ray
   624 | D:1      | Reached skill level 4 in Spellcasting
   690 | D:1      | Reached XP level 3. HP: 19/19 MP: 5/10
   866 | D:2      | Reached skill level 5 in Conjurations
   928 | D:2      | Noticed Terence
   934 | D:2      | Killed Terence
   935 | D:2      | Reached XP level 4. HP: 18/24 MP: 3/12
  1542 | D:2      | Noticed Sigmund
  1547 | D:2      | Killed Sigmund
  1548 | D:2      | Reached skill level 5 in Spellcasting
  1548 | D:2      | Reached XP level 5. HP: 28/28 MP: 7/14
  1553 | D:2      | Learned a level 4 spell: Fulminant Prism
  1558 | D:2      | Learned a level 4 spell: Iskenderun's Mystic Blast
  1668 | D:2      | Found a runed translucent door.
  1669 | D:2      | Noticed Crazy Yiuf
  1669 | D:2      | Noticed Natasha
  1675 | D:2      | Killed Natasha
  1675 | D:2      | Killed Crazy Yiuf
  1676 | D:2      | Reached skill level 1 in Fighting
  1676 | D:2      | Reached skill level 1 in Hexes
  1676 | D:2      | Reached XP level 6. HP: 27/34 MP: 10/15
  2008 | D:2      | Noticed Natasha
  2012 | D:2      | Killed Natasha
  2047 | D:2      | Noticed Natasha
  2051 | D:2      | Killed Natasha
  2148 | D:3      | Found Mohantim's General Store.
  2160 | D:3      | Bought a potion of curing for 39 gold pieces
  3680 | D:4      | Noticed a sky beast
  3685 | D:4      | Killed a sky beast
  3735 | D:4      | Reached XP level 7. HP: 40/40 MP: 11/16
  4263 | D:5      | Entered Level 5 of the Dungeon
  4389 | D:5      | Reached skill level 5 in Hexes
  4708 | D:5      | Reached XP level 8. HP: 48/48 MP: 10/17
  5285 | D:5      | Found an ornate altar of the Wu Jian Council.
  5298 | D:5      | Reached skill level 1 in Translocations
  5371 | D:6      | Noticed Menkaure
  5373 | D:6      | Noticed Eustachio
  5375 | D:6      | Killed Blork the orc
  5375 | D:6      | Killed Menkaure
  5376 | D:6      | Reached skill level 5 in Fighting
  5725 | D:6      | Reached skill level 5 in Translocations
  5771 | D:6      | Killed Eustachio
  6126 | D:6      | Found a shimmering altar of Xom.
  6167 | D:6      | Reached XP level 9. HP: 46/54 MP: 11/18
  6564 | D:6      | Reached skill level 5 in Dodging
  6757 | D:7      | Reached skill level 1 in Evocations
  7010 | D:7      | Found a staircase to the Ecumenical Temple.
  7017 | Temple   | Entered the Ecumenical Temple
  7060 | Temple   | Became a worshipper of Vehumet
  7389 | D:7      | Identified the Almanac of Supportive Translocation
  7761 | D:7      | Found a broken altar of Ashenzari.
  7762 | D:7      | Found a basalt altar of Yredelemnul.
  8049 | D:7      | Reached skill level 5 in Evocations
  8381 | D:8      | Learned a level 2 spell: Blink
  8385 | D:8      | Learned a level 3 spell: Mephitic Cloud
  8398 | D:8      | Reached skill level 6 in Spellcasting
  8446 | D:8      | Reached * piety under Vehumet
  8446 | D:8      | Offered knowledge of Sandblast by Vehumet.
  8548 | D:8      | Found a staircase to the Lair.
  8575 | D:8      | Reached XP level 10. HP: 59/59 MP: 17/21
  8627 | D:8      | Reached skill level 5 in Stealth
  8726 | D:8      | Noticed Prince Ribbit
  8730 | D:8      | Reached skill level 7 in Spellcasting
  8733 | D:8      | Killed Prince Ribbit
  8734 | D:8      | Reached skill level 1 in Air Magic
  8850 | D:8      | Found an opulent altar of Gozag.
  9039 | D:8      | Found a blossoming altar of Fedhas.
  9042 | D:8      | Noticed an oklob plant
  9161 | D:8      | Killed an oklob plant
  9217 | D:8      | Noticed an oklob plant
  9231 | D:8      | Killed an oklob plant
  9232 | D:8      | Reached skill level 1 in Poison Magic
 10618 | D:9      | Offered knowledge of Foxfire by Vehumet.
 10709 | D:9      | Reached ** piety under Vehumet
 10764 | D:9      | Found a sacrificial altar of Ru.
 10798 | D:9      | Reached skill level 5 in Air Magic
 10803 | D:9      | Noticed Grum
 10812 | D:9      | Killed Grum
 10813 | D:9      | Reached skill level 5 in Poison Magic
 10936 | D:9      | Noticed a two-headed ogre
 10945 | D:9      | Killed a two-headed ogre
 10946 | D:9      | Reached skill level 1 in Shields
 11194 | D:9      | Found a shimmering blue altar of Sif Muna.
 11341 | D:10     | Entered Level 10 of the Dungeon
 11370 | D:10     | Noticed a two-headed ogre
 11378 | D:10     | Reached XP level 11. HP: 50/63 MP: 12/23
 11381 | D:10     | Killed a two-headed ogre
 11684 | D:10     | Identified 2 scrolls of acquirement
 11684 | D:10     | Acquired the +3 sling "Punk" {acid, rCorr}
 11685 | D:10     | Found the +3 sling "Punk" {acid, rCorr}
 11686 | D:10     | Acquired the +3 warlock's mirror {reflect}
 11687 | D:10     | Found the +3 warlock's mirror {reflect}
 11724 | D:10     | Offered knowledge of Stone Arrow by Vehumet.
 11939 | D:10     | Found a hide-covered altar of Uskayaw.
 12229 | D:10     | Noticed a fire crab
 12229 | D:10     | Noticed a stone giant
 12229 | D:10     | Noticed a glowing orange brain
 12230 | D:10     | Found a runed translucent door.
 12232 | D:10     | Noticed a stone giant
 12232 | D:10     | Noticed a great orb of eyes
 12232 | D:10     | Noticed a flayed ghost
 12232 | D:10     | Noticed a yaktaur captain
 12232 | D:10     | Noticed a fire giant
 12392 | D:11     | Noticed a two-headed ogre
 12399 | D:11     | Killed a two-headed ogre
 12882 | D:11     | Reached *** piety under Vehumet
 13289 | D:11     | Found Unitye Ytirr's Distillery.
 13298 | D:11     | Bought a potion of degeneration for 15 gold pieces
 13298 | D:11     | Bought a potion of heal wounds for 75 gold pieces
 13298 | D:11     | Bought a potion of magic for 120 gold pieces
 13298 | D:11     | Bought a potion of heal wounds for 75 gold pieces
 13470 | D:11     | Found a staircase to the Orcish Mines.
 13598 | D:11     | Offered knowledge of Ignite Poison by Vehumet.
 13603 | D:11     | Learned a level 3 spell: Ignite Poison
 14367 | D:12     | Noticed a two-headed ogre
 14376 | D:12     | Killed a two-headed ogre
 14377 | D:12     | Reached skill level 1 in Transmutations
 14377 | D:12     | Reached skill level 1 in Fire Magic
 14776 | D:12     | Reached XP level 12. HP: 72/72 MP: 20/24
 15344 | D:12     | Noticed a seven-headed hydra
 15356 | D:12     | Killed a seven-headed hydra
 15357 | D:12     | Reached skill level 5 in Shields
 15433 | D:12     | Found the +8 Vampire's Tooth {vamp}
 15568 | D:12     | Found a glowing golden altar of the Shining One.
 15877 | D:12     | Reached **** piety under Vehumet
 16196 | D:12     | Learned a level 5 spell: Manifold Assault
 16687 | Lair:1   | Entered Level 1 of the Lair of Beasts
 16783 | Lair:1   | Reached skill level 5 in Fire Magic
 16946 | Lair:1   | Reached skill level 5 in Transmutations
 16967 | Lair:1   | Offered knowledge of Static Discharge by Vehumet.
 17138 | Lair:1   | Noticed Maggie
 17145 | Lair:1   | Killed Maggie
 17612 | D:11     | Bought a potion of magic for 120 gold pieces
 17612 | D:11     | Bought a potion of invisibility for 120 gold pieces
 17612 | D:11     | Bought a potion of curing for 45 gold pieces
 17612 | D:11     | Bought a potion of lignification for 45 gold pieces
 17612 | D:11     | Bought a potion of curing for 45 gold pieces
 17612 | D:11     | Bought a potion of curing for 45 gold pieces
 18227 | Lair:2   | Reached skill level 8 in Spellcasting
 18539 | Lair:2   | Found a hole to the Spider Nest.
 19144 | Lair:2   | Noticed Nergalle
 19150 | Lair:2   | Killed Nergalle
 19151 | Lair:2   | Reached skill level 9 in Spellcasting
 19484 | Lair:3   | Reached skill level 1 in Armour
 19974 | Lair:3   | Found a shimmering altar of Xom.
 19993 | Lair:3   | Reached XP level 13. HP: 76/76 MP: 20/28
 20057 | Lair:3   | Found a transporter.
 20057 | Lair:3   | Found a transporter.
 20059 | Lair:3   | Noticed Feulaj's ghost (journeyman MiBe)
 20824 | Lair:4   | Found a staircase to the Shoals.
 21733 | Lair:5   | Reached ***** piety under Vehumet
 21879 | Lair:5   | Offered knowledge of Irradiate by Vehumet.
 21931 | Lair:5   | Learned a level 5 spell: Irradiate
 21956 | Lair:5   | Found a staircase to the Slime Pits.
 22738 | Lair:5   | Reached skill level 5 in Armour
 24203 | D:13     | Identified the +4 hunting sling "Eqiskugg" {speed, rF+
                  | Str+3 Dex-2}
 24489 | D:13     | Found a shimmering altar of Xom.
 25209 | D:13     | Reached XP level 14. HP: 84/84 MP: 8/29
 26323 | D:14     | Reached skill level 1 in Slings
 27188 | D:14     | Reached skill level 10 in Spellcasting
 27189 | D:14     | Offered knowledge of Bolt of Magma by Vehumet.
 27603 | D:14     | Noticed an ironbound preserver
 27617 | D:14     | Killed an ironbound preserver
 27896 | D:14     | Reached skill level 11 in Spellcasting
 28138 | D:14     | Reached skill level 5 in Slings
 28359 | D:14     | Learned a level 4 spell: Airstrike
 28399 | D:14     | Found a gate to the Vaults.
 29067 | D:15     | Entered Level 15 of the Dungeon
 29907 | D:15     | Reached skill level 12 in Spellcasting
 30095 | D:15     | Found a runed translucent door.
 30109 | D:15     | Found a runed translucent door.
 30122 | D:15     | Reached XP level 15. HP: 90/90 MP: 33/33
 30271 | D:15     | Found a runed translucent door.
 30284 | D:15     | Found a runed translucent door.
 31307 | D:15     | Found a staircase to the Depths.
 31777 | Lair:1   | Learned a level 5 spell: Bolt of Magma
 31901 | Orc:1    | Entered Level 1 of the Orcish Mines
 31998 | Orc:1    | Noticed Fannar
 32004 | Orc:1    | Killed Fannar
 32148 | Orc:2    | Entered Level 2 of the Orcish Mines
 32148 | Orc:2    | Found a staircase to the Elven Halls.
 32165 | Orc:2    | Offered knowledge of Freezing Cloud by Vehumet.
 32166 | Orc:2    | Reached skill level 1 in Earth Magic
 32411 | Orc:2    | HP: 4/90 [two-headed ogre/+0 giant club (14)]
 33291 | Orc:2    | Found Jainiul's Magic Scroll Boutique.
 33291 | Orc:2    | Found Emmeuli's Jewellery Emporium.
 33291 | Orc:2    | Found Ycaqaix's Armour Emporium.
 33291 | Orc:2    | Found Xinubuox's Assorted Antiques.
 33313 | Orc:2    | Reached skill level 5 in Earth Magic
 33318 | Orc:2    | Found a flickering gateway to a bazaar.
 33328 | Bazaar   | Entered a bazaar
 33465 | Bazaar   | Found Ileith's Antique Weapon Emporium.
 33488 | Bazaar   | Found Zuokaet's Book Emporium.
 33510 | Bazaar   | Found Bumoluk's Armour Shoppe.
 33510 | Bazaar   | Found Jalix's Magic Scroll Emporium.
 33559 | Bazaar   | Bought a book of Debilitation for 520 gold pieces
 33574 | Bazaar   | Bought a scroll of amnesia for 24 gold pieces
 33574 | Bazaar   | Bought a scroll of identify for 14 gold pieces
 33574 | Bazaar   | Bought a scroll of identify for 14 gold pieces
 33574 | Bazaar   | Bought a scroll of magic mapping for 24 gold pieces
 33574 | Bazaar   | Bought a scroll of fog for 14 gold pieces
 33574 | Bazaar   | Bought a scroll of enchant armour for 52 gold pieces
 33835 | Orc:2    | Bought a scroll labelled VUMEICL QAUK for 35 gold pieces
 34102 | Orc:1    | Noticed Jorgrun
 34111 | Orc:1    | Slain by Jorgrun

Illustrated notes

Levels and vault maps discovered:
D:1:      nzn_arrival_settlement, layout_rooms, chequers_serial_rivers_micro_e
D:2:      layout_loops_corners, uniq_crazy_yiuf_cottage, uniq_terence,
          uniq_sigmund, uniq_natasha
D:3:      layout_basic, serial_shops, nicolae_shop_trees,
          chequers_decorated_corner
D:4:      layout_basic, chequers_serial_rivers_room_b, nrook_uturn
D:5:      layout_loops_ring, kennysheep_little_box, grunt_decor_cap,
          minmay_checkerbox
D:6:      layout_loops_ring, nicolae_overflow_crystal_walls, st_stairs_11,
          uniq_eustachio, uniq_blork_the_orc, uniq_menkaure
D:7:      layout_cave_pods, yredelemnul_forgotten_temple_becter,
          overflow_temple_1_default, minmay_temple_entry_tees
D:8:      layout_gridville, erik_lair_island, hangedman_tree_tricks,
          lemuel_statue_altar, uniq_prince_ribbit1
D:9:      layout_basic, nicolae_ru_awakened_eye, led_sif_pool, uniq_grum
D:10:     minmay_gate_of_8, layout_rooms, lemuel_altar_in_water
D:11:     layout_gridville, david_orc_5, serial_shops, shop
D:12:     kennysheep_demon_hangout, layout_basic, basic_altar, special_room
          [special_room_bee], hangedman_decor_diamond_cutter,
          minmay_guarded_unrand_vampires_tooth
D:13:     minmay_concentric_multi, layout_gridville, kb_xom_exploding_sheep
D:14:     statuecave_lemuel, layout_basic, skrybe_vaults_entry_preservation
D:15:     grunt_enter_depths_magical_seal, layout_loops_cross,
          minmay_statue_crystal_thing
Temple:   kb_temple_of_zot
Lair:1:   layout_regular_city, uniq_maggie
Lair:2:   layout_regular_city, spider_nest_entry_web_field,
          gammafunk_lair_bear_cave, uniq_nergalle
Lair:3:   layout_hall_layers, gammafunk_ghost_hive, basic_altar,
          hangedman_lair_unloving_vines, grunt_megastairs_4
Lair:4:   layout_misc_corridors, elwin_shoals_entry_stream
Lair:5:   pond_and_an_island_with_a_cottage, layout_cellular_growth,
          nicolae_slime_entry_slimehenge, minivault_24,
          chequers_serial_rivers_marsh, infiniplex_staircase_pool,
          serial_bayou_shore_a
Orc:1:    layout_caves, uniq_jorgrun, uniq_fannar, uniq_erica
Orc:2:    st_orc_ogre_mass, layout_caves, serial_shops, bzr_entry_safe,
          sword_in_stone

Skill      XL: |  1  2  3  4  5  6  7  8  9 10 11 12 13 14 15 |
---------------+----------------------------------------------+-----
Spellcasting   | 4 5 6 7 9 12 | 12.0
Conjurations   | 5 7 9 |  9.0
Fighting       | 1 2 4 5 7 8 9 |  9.0
Hexes          | 1 4 6 7 8 9 |  9.0
Translocations | 5 7 9 |  9.0
Dodging        | 4 5 7 9 |  9.0
Evocations     | 5 7 |  7.0
Stealth        | 4 7 9 |  9.0
Air Magic      | 5 |  5.0
Poison Magic   | 5 |  5.0
Shields        | 2 4 7 |  7.0
Transmutations | 2 5 |  5.0
Fire Magic     | 2 5 7 |  7.0
Armour         | 2 5 |  5.0
Slings         | 6 8 |  8.0
Earth Magic    | 6 |  6.0

Action                   |  1- 3 |  4- 6 |  7- 9 | 10-12 | 13-15 || total
-------------------------+-------+-------+-------+-------+-------++-------
Melee: Staff             |       |       |       |     4 |     5 ||     9
       Quick blade       |       |       |       |    13 |    28 ||    41
 Fire: Hunting sling     |       |       |       |    10 |       ||    10
       Fustibalus        |       |       |       |   108 |   128 ||   236
Throw: Dart              |       |     3 |    47 |    27 |       ||    77
 Cast: Magic Dart        |    25 |    34 |    11 |     5 |       ||    75
       Searing Ray       |    11 |    17 |    80 |   125 |   160 ||   393
       Fulminant Prism   |       |       |    14 |    79 |   116 ||   209
       Iskenderun's Myst |       |       |     1 |    26 |    61 ||    88
       Mephitic Cloud    |       |       |     1 |     1 |     7 ||     9
       Ignite Poison     |       |       |       |     1 |     7 ||     8
       Manifold Assault  |       |       |       |     4 |     8 ||    12
       Irradiate         |       |       |       |       |    12 ||    12
       Bolt of Magma     |       |       |       |       |     1 ||     1
Evoke: Wand              |       |       |     1 |     6 |    20 ||    27
  Use: Scroll            |       |     1 |     5 |     8 |    13 ||    27
       Potion            |       |       |       |     2 |     1 ||     3
 Stab: Sleeping          |       |       |       |       |     1 ||     1
Armor: Robe              |     2 |       |    15 |    35 |       ||    52
       Steam dragon scal |       |       |       |     4 |    27 ||    31
       Leather armour    |       |       |       |       |     4 ||     4
Dodge: Dodged            |     2 |     7 |    45 |   113 |    73 ||   240
Block: Buckler           |       |       |       |    84 |   127 ||   211
       Reflection        |       |       |       |     8 |    30 ||    38

Table legend: (Time is in decaauts)
 A = Elapsed time spent in this place.
 B = Non-inter-level travel time spent in this place.
 C = Inter-level travel time spent in this place.
 D = Time resting spent in this place.
 E = Time spent auto-exploring this place.
 F = Levels seen in this place.
 G = Mean time per level.
                   A        B        C        D        E       F      G
               +--------+--------+--------+--------+--------+-----+--------+
         Total |  34240 |  32250 |   1990 |  14183 |  13756 |  24 | 1426.7 |
       Dungeon |  24767 |  23114 |   1653 |  10381 |   9715 |  15 | 1651.1 |
        Temple |    119 |    103 |     16 |      0 |     96 |   1 |  119.0 |
          Lair |   7141 |   6875 |    266 |   2684 |   3364 |   5 | 1428.2 |
  Orcish Mines |   1942 |   1887 |     55 |    996 |    580 |   2 |  971.0 |
        Bazaar |    269 |    269 |      0 |    122 |      0 |   1 |  269.0 |
               +--------+--------+--------+--------+--------+-----+--------+

Top non-repeatable levels by time:
    D:12: 3030 daAuts
    D:13: 2700 daAuts
    D:15: 2471 daAuts
  Lair:5: 2191 daAuts
    D:14: 1978 daAuts
     D:8: 1840 daAuts
     D:9: 1711 daAuts
  Lair:1: 1609 daAuts
    D:10: 1463 daAuts
     D:5: 1409 daAuts
     D:4: 1395 daAuts
    D:11: 1392 daAuts
     D:2: 1247 daAuts
     D:7: 1230 daAuts
     D:6: 1214 daAuts
